 Dungeon Crawl Stone Soup version 0.30.0-19-g36f170ea60 (webtiles) character file.

Game seed: 5326089174158915223

203 Ijustatesigmund the Conjurer (level 5, -6/35 HPs)
             Began as an Octopode Conjurer on June 1, 2023.
             Mangled by Sigmund
             ... wielding a +5 scythe of protection
              (15 damage)
             ... on level 5 of the Dungeon.
             The game lasted 00:05:44 (4062 turns).

Ijustatesigmund the Conjurer (Octopode Conjurer)    Turns: 4062, Time: 00:05:45

Health: -6/35      AC:  1    Str:  6    XL:     5   Next: 81%
Magic:  5/10       EV: 13    Int: 23    God:
Gold:   209        SH:  0    Dex: 10    Spells: 3/10 levels left

rFire   . . .        e - +1 hand axe
rCold   . . .        (no shield)
rNeg    . . .        (helmet restricted)
rPois   .            (no amulet)
rElec   .            (no ring)
rCorr   .            (no ring)
SInv    .            (no ring)
Will    .....        (no ring)
Stlth   +++          (no ring)
HPRegen 0.25/turn    (no ring)
MPRegen 0.12/turn    (no ring)
                     (no ring)

%: no passive effects
@: no status effects
A: almost no armour, amphibious, 8 rings, camouflage 1, gelatinous body 1,
(nimble swimmer 1), tentacles
a: no special abilities


You were on level 5 of the Dungeon.
You visited 1 branch of the dungeon, and saw 5 of its levels.

You collected 253 gold pieces.
You spent 44 gold pieces at shops.

Inventory:

Hand Weapons
 e - a +1 hand axe (weapon)
Missiles
 h - 4 silver javelins
Scrolls
 c - a scroll of teleportation
 f - 2 scrolls of amnesia
 g - 2 scrolls of enchant armour {unknown}
 k - a scroll of identify
 l - a scroll of brand weapon {unknown}
 m - a scroll of fog {unknown}
 n - 2 scrolls of poison
Potions
 d - 3 potions of curing
 i - a potion of mutation
 j - 2 potions of berserk rage {unknown}
 o - 2 potions of invisibility {unknown}


   Skills:
 + Level 2.7 Fighting
 + Level 1.2 Axes
 - Level 2.0 Dodging
 - Level 2.6 Stealth
 + Level 3.3 Spellcasting
 - Level 4.9 Conjurations
 + Level 0.4 Translocations


You had 3 spell levels left.
You knew the following spells:

 Your Spells              Type           Power      Damage    Failure   Level
a - Magic Dart            Conj           100%       1d8       1%          1
b - Searing Ray           Conj           52%        2d6       2%          2
c - Iskenderun's Mystic   Conj/Tloc      16%        2d5       36%         4

Your spell library contained the following spells:

 Spells                   Type           Power      Damage    Failure   Level
 Kiss of Death            Conj/Necr      60%        2d10      4%          1
 Static Discharge         Conj/Air       30%        2-4/arc   6%          2
 Dazzling Flash           Conj/Hex       30%        N/A       12%         3
 Cigotuvi's Dreadful Rot  Necr/Pois/Air  6%         N/A       17%         2
 Confusing Touch          Hex            3%         N/A       32%         3
 Ignite Poison            Fire/Tmut/Pois 3%         N/A       32%         3
 Fulminant Prism          Conj/Hex       7%         3d7       38%         4
 Airstrike                Air            1%         2d(1-17)  73%         4
 Dispel Undead            Necr           3%         3d7       73%         4
 Summon Lightning Spire   Summ/Air       3%         N/A       73%         4
 Freezing Cloud           Conj/Ice/Air   5%         6-21      85%         5
 Malign Gateway           Summ/Tloc      2%         N/A       100%        7
 Summon Horrible Things   Summ           1%         N/A       100%        8


Dungeon Overview and Level Annotations

Branches:
Dungeon (5/15)
 Temple: D:4-7

Altars:
Cheibriados
Dithmenos
Hepliaklqana
Qazlal
Uskayaw
Wu Jian
Xom

Shops:
D:3 (   D:4 [*[

Annotations:
D:3 1 runed translucent door, Crazy Yiuf
D:4 2 transporters, Eustachio; purpleHaze's ghost, novice HuGl
D:5 Sigmund


Innate Abilities, Weirdness & Mutations

You cannot wear most types of armour.
You are amphibious.
You can wear up to eight rings at the same time.
Your skin changes colour to match your surroundings (Stealth+).
Your rubbery body absorbs attacks. (AC +1, EV +1)
((You are camouflaged when in or above water. (Stealth+)))
You have tentacles for arms and can constrict up to eight enemies at once.


Message History

Confirm with . or Enter, or press ? or * to list all spells.
Aiming: Searing Ray (safe; 2% risk of failure)
Press: ? - help, Shift-Dir - straight line, f - Sigmund
Aim: Sigmund, wielding a +5 scythe of protection and wearing a +0 robe (77% to hit)
The searing ray hits Sigmund.
Sigmund is lightly wounded. (Press . to maintain the ray.)
The searing ray misses Sigmund.
The searing ray hits Sigmund but does no damage.
Sigmund is lightly wounded.
Sigmund barely misses you.
The searing ray misses Sigmund.
You finish channelling your searing ray.
Sigmund casts a spell at you. The magic dart hits you!
Sigmund points at you and mumbles some strange words.
You resist with some effort. Magic courses through your body.
Sigmund hits you with a +5 scythe of protection!
Casting: Searing Ray (safe; 2% risk of failure)
Confirm with . or Enter, or press ? or * to list all spells.
Aiming: Searing Ray (safe; 2% risk of failure)
Press: ? - help, Shift-Dir - straight line, f/p - Sigmund
Aim: Sigmund, wielding a +5 scythe of protection and wearing a +0 robe (lightly wounded, 77% to hit)
The searing ray hits Sigmund.
Sigmund is lightly wounded. (Press . to maintain the ray.)
The searing ray hits Sigmund but does no damage.
Sigmund is lightly wounded.
Sigmund points at you and mumbles some strange words.
The magic dart hits you.
* * * LOW HITPOINT WARNING * * *
The searing ray hits Sigmund.
Sigmund is moderately wounded.
Sigmund completely misses you.
The searing ray hits Sigmund.
Sigmund is moderately wounded.
You finish channelling your searing ray.
Sigmund hits you with a +5 scythe of protection!
You die...

.........###
##........#
#......##.#
#........#
#.....## ..#
##......##
##..### ...#
#......# #..##
....# #......#
#..#
#....###......#
...#
#.....#......##
...#
#..........##
...##
#.....@....#
....#
##..#.@...##
....#
#.#......#
....##
###......#
.....# .......#
.....#
#......##
..)..# .......#
.....#
#.......#
.....##########


You could see Sigmund.

Vanquished Creatures
  A hound (D:5)
  A jelly (D:5)
  8 adders
  An ufetubus (D:4)
  2 worms
  2 dart slugs
  3 orcs (D:5)
  6 ball pythons
  2 endoplasms (D:2)
  2 giant cockroaches
  5 goblins
  3 hobgoblins
  6 kobolds
  A quokka (D:3)
  7 bats
  3 frilled lizards
  2 rats
  A spectral goblin (D:5)
56 creatures vanquished.

Notes
Turn   | Place    | Note
-------+----------+-------------------------------------------
     0 | D:1      | Ijustatesigmund the Octopode Conjurer began the quest for
                  | the Orb.
     0 | D:1      | Reached XP level 1. HP: 11/11 MP: 3/3
   338 | D:1      | Found a faded altar of an unknown god.
   346 | D:1      | Reached XP level 2. HP: 16/18 MP: 1/5
   349 | D:1      | Learned a level 2 spell: Searing Ray
   695 | D:1      | Reached skill level 1 in Fighting
  1268 | D:2      | Reached XP level 3. HP: 23/23 MP: 0/6
  1976 | D:2      | Reached XP level 4. HP: 29/29 MP: 5/8
  2360 | D:3      | Found a faded altar of an unknown god.
  2365 | D:3      | Found a snail-covered altar of Cheibriados.
  2397 | D:3      | Found Gami's Antique Weapon Shop.
  2492 | D:3      | Found a hide-covered altar of Uskayaw.
  2605 | D:3      | Found a stormy altar of Qazlal.
  2683 | D:3      | Found a runed translucent door.
  2684 | D:3      | Noticed Crazy Yiuf
  2881 | D:3      | Found a shimmering altar of Xom.
  3224 | D:4      | Found Lafucum's Antique Armour Boutique.
  3274 | D:4      | Reached XP level 5. HP: 31/35 MP: 6/9
  3331 | D:4      | Found a shadowy altar of Dithmenos.
  3346 | D:4      | Noticed Eustachio
  3504 | D:4      | Identified the +7 spear "Vaqotz" {venom, Contam rElec rPois
                  | Str+3}
  3539 | D:4      | Noticed purpleHaze's ghost (novice HuGl)
  3543 | D:4      | Found a transporter.
  3550 | D:4      | Found Xexunn's General Store.
  3551 | D:4      | Found a transporter.
  3558 | D:4      | Bought a scroll of poison for 44 gold pieces
  3654 | D:4      | Found an ornate altar of the Wu Jian Council.
  3666 | D:4      | Found Kahel's Antique Armour Shoppe.
  3695 | D:5      | Entered Level 5 of the Dungeon
  3735 | D:5      | Found a hazy altar of Hepliaklqana.
  3895 | D:5      | Reached skill level 1 in Axes
  3941 | D:5      | Learned a level 4 spell: Iskenderun's Mystic Blast
  4049 | D:5      | Noticed Sigmund
  4062 | D:5      | Mangled by Sigmund

Illustrated notes

Levels and vault maps discovered:
D:1:      dpeg_arrival_simpleton_b, layout_loops_cross, serial_bayou,
          serial_bayou_lagoon_a, serial_bayou_pond_b, serial_bayou_crossing,
          serial_bayou_pond_a, chequers_ecumenical_altar_simple_redux
D:2:      layout_loops_cross
D:3:      layout_loops_ring, nicolae_overflow_ecumenical_swirl,
          mainiacjoe_overflow_24_doors, mainiacjoe_overflow_six_doors_small,
          lemuel_tele_altar, serial_shops, shop, uniq_crazy_yiuf_cottage
D:4:      layout_gridville, nicolae_dithmenos_the_darkroom,
          mainiacjoe_overflow_chevrons, serial_shops, nicolae_shop_hallway_plus,
          shop_statue, nicolae_shop_peninsula, nicolae_shop_window_shopping,
          shop, gammafunk_ghost_gnarly_gnolls, uniq_robin, uniq_eustachio
D:5:      layout_cave_pods, nicolae_hepliaklqana_monster_ancestors,
          chequers_serial_rivers_room_b, uniq_sigmund, uniq_grinder

Skill      XL: |  1  2  3  4  5 |
---------------+----------------+-----
Fighting       | 1 2 |  2.7
Spellcasting   | 3 |  3.3
Axes           | 1 |  1.2
Dodging        | |  2.0
Stealth        | |  2.6
Conjurations   | |  4.9
Translocations | |  0.4

Action                     |  1- 3 |  4- 6 || total
---------------------------+-------+-------++-------
  Melee: Hand axe          |     5 |    17 ||    22
         Constrict         |     2 |     4 ||     6
         Tentacles         |     1 |     6 ||     7
   Cast: Magic Dart        |    57 |    58 ||   115
         Searing Ray       |     1 |     6 ||     7
    Use: Scroll            |     7 |     1 ||     8
         Potion            |       |     2 ||     2
 Armour: Skin              |       |     1 ||     1
  Dodge: Dodged            |     6 |    33 ||    39
